 Dungeon Crawl Stone Soup version 0.31.0-11-ge490571c62 (webtiles) character file.

Game seed: 11162444409533030966

12739 Rassilon the Basher (level 11, -1/109 HPs)
             Began as a Gargoyle Fighter on Feb 5, 2024.
             Was a Priest of the Shining One.
             Killed by mirror damage (2 damage)
             ... on level 11 of the Dungeon.
             The game lasted 00:34:42 (9874 turns).

Rassilon the Basher (Gargoyle Fighter)              Turns: 9874, Time: 00:34:42

Health: -1/109     AC: 38    Str: 32    XL:     11   Next: 98%
Magic:  11/11      EV: 13    Int:  6    God:    the Shining One [***...]
Gold:   495        SH:  9    Dex:  9    Spells: 10/10 levels left

rFire   + . .        t - +2 flail (protect)
rCold   + . .        c - +0 buckler
rNeg    + + .        G - +3 plate armour of Springtime {rPois Will+ Int-3 Stlth+}
rPois   ∞            l - +1 helmet
rElec   +            (no cloak)
rCorr   .            k - +2 pair of gloves
SInv    .            (no boots)
Will    +....        A - amulet of reflection Stlth
                     p - ring "Iraussai" {+Blink rF+ rC+ EV+5 Str+2}
HPRegen 0.38/turn    H - +6 ring of strength
MPRegen 0.12/turn

%: reflection
@: berserking (expiring), under a protective aura, glowing, very quick
A: sickness immunity, AC +8, negative energy resistance 1, electricity
resistance, torment resistance 1, petrification resistance
a: Renounce Religion, Evoke Blink, Divine Shield, Cleansing Flame


You were on level 11 of the Dungeon.
You worshipped the Shining One.
The Shining One was most pleased with you.
You visited 2 branches of the dungeon, and saw 12 of its levels.

You collected 525 gold pieces.
You donated 30 gold pieces to Zin.

Inventory:

Hand Weapons
 t - a +2 flail of protection (weapon)
Missiles
 g - 4 javelins (quivered)
 y - a throwing net
Armour
 c - a +0 buckler (worn)
 k - a +2 pair of gloves (worn)
 l - a +1 helmet (worn)
 G - the +3 plate armour of Springtime (worn) {rPois Will+ Int-3 Stlth+}
   (You found it on level 7 of the Dungeon)

   Int-3:     It affects your intelligence (-3).
   rPois:     It protects you from poison Will+: It increases your willpower.
   Stlth+:    It makes you more stealthy.
Jewellery
 p - the ring "Iraussai" (left hand) {+Blink rF+ rC+ EV+5 Str+2}
   (You took it off a hobgoblin on level 3 of the Dungeon)

   [ring of evasion]

   EV+5:      It affects your evasion (+5).
   Str+2:     It affects your strength (+2).
   rF+:       It protects you from fire.
   rC+:       It protects you from cold.
   +Blink:    It lets you blink.
 v - a ring of resist corrosion
 A - an amulet of reflection (around neck)
 H - a +6 ring of strength (right hand)
 J - a ring of ice
 Q - a ring of willpower
Wands
 s - a wand of digging (5)
 x - a wand of mindburst (13)
 E - a wand of flame (14)
 F - a wand of roots (16)
Scrolls
 b - 4 scrolls of enchant armour
 d - 5 scrolls of revelation {unknown}
 f - a scroll of noise {unknown}
 i - a scroll of enchant weapon {unknown}
 j - a scroll of fear
 u - a scroll of brand weapon {unknown}
 w - 2 scrolls of summoning {unknown}
 B - a scroll of fog {unknown}
 C - a scroll of torment {unknown}
 I - 2 scrolls of poison {unknown}
 K - a scroll of amnesia
 L - a scroll of blinking
 N - a scroll of teleportation
 P - a scroll of vulnerability
Potions
 a - 2 potions of heal wounds
 e - a potion of mutation
 m - 3 potions of curing
 n - 7 potions of brilliance
 o - 2 potions of might
 q - a potion of lignification
 r - a potion of cancellation
 z - 2 potions of haste {unknown}
 D - 2 potions of attraction {unknown}
 M - a potion of ambrosia {unknown}
 O - a potion of enlightenment {unknown}


   Skills:
 + Level 10.9 Fighting
 * Level 13.4 Maces & Flails
 + Level 10.9 Armour
 - Level 3.2 Shields


You had 10 spell levels left.
You didn't know any spells.
Your spell library contained the following spells:

 Spells                   Type           Power      Damage    Failure   Level
 Sting                    Conj/Alch      0%         1d3       98%         1
 Blink                    Tloc           0%         N/A       99%         2
 Ensorcelled Hibernation  Hex/Ice        0%         N/A       99%         2
 Lesser Beckoning         Tloc           0%         N/A       99%         2
 Mercury Vapours          Alch/Air       0%         N/A       99%         2
 Momentum Strike          Conj/Tloc      0%         3d8       99%         2
 Fugue of the Fallen      Necr           0%         N/A       100%        3
 Summon Ice Beast         Ice/Summ       0%         N/A       100%        3
 Anguish                  Hex/Necr       0%         N/A       100%        4
 Olgreb's Toxic Radiance  Alch           0%         N/A       100%        4
 Summon Mana Viper        Hex/Summ       0%         N/A       100%        5
 Monstrous Menagerie      Summ           0%         N/A       100%        7


Dungeon Overview and Level Annotations

Branches:
Dungeon (11/15)            Temple (1/1) D:5            Lair (0/5) D:8
    Orc (0/2) D:10

Altars:
Ashenzari
Cheibriados
Dithmenos
Elyvilon
Fedhas
Gozag
Hepliaklqana
Kikubaaqudgha
Makhleb
Nemelex Xobeh
Okawaru
Qazlal
Ru
Sif Muna
Trog
Uskayaw
Vehumet
Wu Jian
Xom
Yredelemnul
Zin
The Shining One
Lugonu

Shops:
D:8 *   D:10 *

Annotations:
D:10 exclusion: orange crystal statue


Innate Abilities, Weirdness & Mutations

You are immune to sickness and miasma.
Your stone body is resilient. (AC +8)
You are immune to poison.
You resist negative energy. (rN+)
You are resistant to electric shocks. (rElec)
You are resistant to unholy torment.
You are immune to petrification.


Message History

You feel a strong urge to attack something.
Items here: ) [ †††.
You sock the death knight!
The death knight is lightly wounded.
The death knight reflects your damage back at you!
You hear a shout!
The death knight mumbles some strange prayers to Yredelemnul against you.
You resist with some effort.
You hit the death knight.
The death knight is moderately wounded.
The death knight reflects your damage back at you!
You sock the death knight!
The death knight is moderately wounded.
The death knight reflects your damage back at you!
A death knight comes into view. It is wielding a +0 glaive.
The death knight hits you but does no damage.
You sock the death knight!
The death knight is heavily wounded.
The death knight reflects your damage back at you!
You hit the death knight.
The death knight is heavily wounded.
The death knight reflects your damage back at you!
The death knight hits you but does no damage.
You block the death knight's attack.
You sock the death knight!
The death knight is severely wounded.
The death knight reflects your damage back at you!
* * * LOW HITPOINT WARNING * * *
You bludgeon the death knight!!
The death knight is almost dead.
The death knight reflects your damage back at you!
* * * LOW HITPOINT WARNING * * *
The death knight hits you but does no damage.
The death knight hits you from afar with a +0 glaive!
* * * LOW HITPOINT WARNING * * *
You bludgeon the death knight!!
You kill the death knight!
The Shining One accepts your kill.
Your damage is reflected back at you!
You die...

## ## #. ...
#####. #.#
......##.## #
.........< .####
#......#.##.....
#..#...........#
#....p.$...#
#....##@##.####.
..... #)#.......
.... #.#..##.#
... #......#. z.
##...##.# .
#.....#.#.
#.........
#.....###.
###...###


You could see a death knight.

Vanquished Creatures
  2 death knights (D:11)
  A skeletal warrior (D:11)
  A manticore (D:11)
  Maggie (D:6)
  Jeremiah (D:6)
  A komodo dragon (D:8)
  A kobold demonologist (D:11)
  2 hornets
  6 trolls
  2 shadows
  A vampire (D:11)
  3 wraiths
  2 wyverns
  16 yaks
  3 vampire mosquitoes (D:11)
  A steam dragon (D:7)
  2 wargs (D:10)
  Menkaure (D:5)
  3 acid dragons
  A water moccasin (D:6)
  4 orc warriors
  A black bear (D:8)
  2 ogres
  3 centaurs
  2 phantoms
  3 kobold brigands
  2 bullfrogs
  4 scorpions
  2 gnoll sergeants
  3 wights (D:9)
  17 killer bees
  4 howler monkeys
  4 hounds
  A jelly (D:8)
  2 bombardier beetles
  5 orc priests
  A gnoll bouda (D:9)
  An iguana (D:6)
  3 sleepcaps
  5 orc wizards
  17 gnolls
  6 adders
  3 white imps (D:5)
  3 dart slugs
  22 orcs
  A ball python (D:1)
  6 endoplasms
  3 giant cockroaches
  10 goblins
  9 hobgoblins
  2 jackals (D:1)
  9 quokkas
  4 bats
  3 frilled lizards
  21 kobolds
  6 rats
245 creatures vanquished.

Vanquished Creatures (others)
  2 orcs (D:7)
2 creatures vanquished.

Grand Total: 247 creatures vanquished

Notes
Turn   | Place    | Note
-------+----------+-------------------------------------------
     0 | D:1      | Rassilon the Gargoyle Fighter began the quest for the Orb.
     0 | D:1      | Reached XP level 1. HP: 14/14 MP: 1/1
   192 | D:1      | Reached XP level 2. HP: 19/19 MP: 2/2
   459 | D:1      | Found a faded altar of an unknown god.
   752 | D:2      | Reached XP level 3. HP: 23/23 MP: 3/3
   811 | D:2      | Reached skill level 3 in Maces & Flails
  1526 | D:2      | Reached XP level 4. HP: 14/29 MP: 4/4
  1810 | D:3      | Identified the ring "Iraussai" {+Blink rF+ rC+ EV+5 Str+2}
  2041 | D:3      | Reached XP level 5. HP: 33/33 MP: 5/5
  2197 | D:3      | Found a radiant altar of Vehumet.
  2605 | D:4      | Reached skill level 4 in Maces & Flails
  2713 | D:4      | Noticed a phantom
  2725 | D:4      | Killed a phantom
  2726 | D:4      | Reached XP level 6. HP: 39/39 MP: 6/6
  2832 | D:4      | Reached skill level 5 in Maces & Flails
  2840 | D:4      | Reached skill level 5 in Fighting
  2861 | D:4      | Found a basalt altar of Yredelemnul.
  3085 | D:4      | Reached skill level 5 in Armour
  3375 | D:5      | Entered Level 5 of the Dungeon
  3380 | D:5      | Noticed Menkaure
  3395 | D:5      | Reached XP level 7. HP: 32/44 MP: 7/7
  3524 | D:5      | Killed Menkaure
  3525 | D:5      | Reached skill level 6 in Maces & Flails
  3621 | D:5      | Found a staircase to the Ecumenical Temple.
  3706 | Temple   | Entered the Ecumenical Temple
  3744 | D:5      | Noticed an angel
  3769 | D:5      | Found a glowing silver altar of Zin.
  3771 | D:5      | Found a shimmering altar of Xom.
  3777 | D:5      | Became a worshipper of Zin the Law-Giver
  3777 | D:5      | Reached * piety under Zin
  3837 | D:5      | Reached XP level 8. HP: 48/51 MP: 8/8
  4342 | D:6      | Reached skill level 7 in Maces & Flails
  4393 | D:6      | Noticed Maggie
  4422 | D:6      | Killed Maggie
  4613 | D:6      | Identified the +2 mace of Collusion {venom, ^Drain Str+6
                  | Dex+2}
  4818 | D:6      | Reached ** piety under Zin
  4849 | D:6      | Noticed Jeremiah
  4889 | D:6      | Killed Jeremiah
  4890 | D:6      | Reached skill level 8 in Maces & Flails
  4890 | D:6      | Reached XP level 9. HP: 18/56 MP: 9/9
  5253 | D:7      | Noticed a hornet
  5271 | D:6      | Killed a hornet
  5544 | D:7      | Identified the +3 plate armour of Springtime {rPois Will+
                  | Int-3 Stlth+}
  5595 | D:7      | Noticed a troll
  5604 | D:7      | Killed a troll
  5605 | D:7      | Reached skill level 9 in Maces & Flails
  6114 | D:8      | Noticed a hornet
  6130 | D:8      | Killed a hornet
  6287 | D:8      | Found Puttuaz's Profane Products.
  6516 | D:8      | Found an ornate altar of the Wu Jian Council.
  6516 | D:8      | Found a sacrificial altar of Ru.
  6531 | D:8      | Reached skill level 10 in Maces & Flails
  6536 | D:8      | Reached XP level 10. HP: 61/64 MP: 10/10
  6573 | D:8      | Found a glowing golden altar of the Shining One.
  6581 | D:8      | Fell from the grace of Zin
  6581 | D:8      | Became a worshipper of the Shining One
  6581 | D:8      | Reached * piety under the Shining One
  6769 | D:8      | Found a staircase to the Lair.
  6906 | D:9      | Found a blossoming altar of Fedhas.
  7107 | D:9      | Reached skill level 11 in Maces & Flails
  7315 | D:9      | Found a shadowy altar of Dithmenos.
  7320 | D:9      | Found a hide-covered altar of Uskayaw.
  7329 | D:9      | Found a bloodstained altar of Trog.
  7331 | D:9      | Found a broken altar of Ashenzari.
  7333 | D:9      | Found a burning altar of Makhleb.
  7337 | D:9      | Found an iron altar of Okawaru.
  7541 | D:9      | Reached XP level 11. HP: 67/71 MP: 11/11
  7675 | D:9      | Reached ** piety under the Shining One
  7835 | D:10     | Entered Level 10 of the Dungeon
  7860 | D:10     | Found a shimmering blue altar of Sif Muna.
  7884 | D:10     | Noticed an orange crystal statue
  7887 | D:10     | Found the +2 hat of the Bear Spirit {Spirit, Bear, *Rage
                  | Will++}
  7982 | D:10     | Reached skill level 12 in Maces & Flails
  8244 | D:10     | Found a staircase to the Orcish Mines.
  8487 | D:10     | Identified the +1 leather armour of Wyskif {rN+}
  8644 | D:10     | Reached skill level 10 in Fighting
  8644 | D:10     | Reached skill level 10 in Armour
  8777 | D:10     | Found Goyl's Goods Gallery.
  9397 | D:11     | Noticed a soul eater
  9444 | D:11     | Noticed a manticore
  9469 | D:11     | Killed a manticore
  9639 | D:11     | Reached skill level 13 in Maces & Flails
  9716 | D:11     | Reached *** piety under the Shining One
  9768 | D:11     | Noticed a death knight
  9769 | D:11     | Noticed a skeletal warrior
  9792 | D:11     | Killed a death knight
  9824 | D:11     | Killed a skeletal warrior
  9863 | D:11     | Noticed a death knight
  9869 | D:11     | Noticed a death knight
  9873 | D:11     | HP: 1/109 [death knight/+0 glaive (10)]
  9874 | D:11     | Killed a death knight
  9874 | D:11     | Killed by mirror damage

Illustrated notes

Levels and vault maps discovered:
D:1:      minmay_arrival_open_corners, layout_loops_ring, serial_forest,
          infiniplex_forest_end_2, infiniplex_forest_lined_3,
          infiniplex_forest_lined_room_2, infiniplex_forest_straight_2,
          infiniplex_forest_corner_1, shapermc_ecumenical_altar_ellora
D:2:      layout_basic, skrybe_limestone_x, eino_curves_03
D:3:      layout_basic, mainiacjoe_overflow_24_doors, serial_rivers,
          chequers_serial_rivers_micro_d, chequers_serial_rivers_micro_b,
          chequers_serial_rivers_room_b, chequers_serial_rivers_small_3,
          chequers_serial_rivers_micro_c, chequers_serial_rivers_marsh,
          hangedman_decor_growths, minmay_checkerbox
D:4:      layout_basic, mainiacjoe_overflow_chevrons,
          corexii_item_surrounded_by_moat, minmay_door_square
D:5:      layout_cave_pools, grunt_temple_overflow_order_and_chaos_1,
          temple_statues, minmay_misc_feat_roman, dreamdust_princess_bridge,
          nicolae_zen_rock_garden, chequers_serial_rivers_micro_d, uniq_menkaure
D:6:      layout_loops_ring, nrook_uturn, minmay_misc_feat_rows, uniq_jeremiah,
          uniq_maggie
D:7:      layout_gridville, nicolae_zig_zag_zippers
D:8:      layout_rooms, mainiacjoe_overflow_alcove_1,
          gammafunk_temple_overflow_pools, david_lair_shrubbed, st_stairs_1,
          nicolae_evil_shop
D:9:      layout_roguey, fedhas_altar_2, nicolae_overflow_hallway_of_the_gods,
          serial_rivers, chequers_serial_rivers_micro_a,
          chequers_serial_rivers_micro_d, chequers_serial_rivers_small_b,
          chequers_serial_rivers_room_a, enter_bailey_5, minmay_crystal_room
D:10:     layout_loops_ring, overflow_temple_1_default, david_orc_1_choice,
          serial_rivers, chequers_serial_rivers_small_a,
          chequers_serial_rivers_micro_a, chequers_serial_rivers_small_a,
          chequers_serial_rivers_small_3, hangedman_abyss_or_decor_passed,
          grunt_ministairs_13, nicolae_alphabet_shops, roderic_roman_lattice,
          minivault_15
D:11:     cheibrodos_tormentor_scu, layout_loops_ring, minmay_increasing_density
Temple:   corrupted_temple

Skill      XL: |  1  2  3  4  5  6  7  8  9 10 11 |
---------------+----------------------------------+-----
Maces & Flails | 3 4 5 6 8 10 11 13 | 13.4
Fighting       | 4 5 6 8 9 10 | 10.9
Armour         | 4 5 6 8 9 10 | 10.9
Shields        | |  3.2

Action                     |  1- 3 |  4- 6 |  7- 9 | 10-12 || total
---------------------------+-------+-------+-------+-------++-------
  Melee: Flail             |   109 |   168 |   278 |   504 ||  1059
  Throw: Javelin           |       |       |    10 |     5 ||    15
    Use: Potion            |       |       |     2 |     1 ||     3
         Scroll            |       |       |       |    12 ||    12
 Armour: Scale mail        |    62 |    87 |       |       ||   149
         Chain mail        |       |    19 |    60 |       ||    79
         Swamp dragon scal |       |       |    44 |       ||    44
         Plate armour      |       |       |    84 |   255 ||   339
  Dodge: Dodged            |    56 |    94 |   189 |   217 ||   556
  Block: Buckler           |    18 |    30 |    67 |   190 ||   305
         Reflection        |       |       |     4 |     7 ||    11
